 Dungeon Crawl Stone Soup version 0.27-a0-1525-g1038ab4fd7 (webtiles) character file.

Game seed: 17141546890048828647

1768 unlimited1921 the Covered (level 9, -1/74 HPs)
             Began as a Hill Orc Fighter on July 11, 2021.
             Was an Initiate of Ashenzari.
             Slain by a yak (12 damage)
             ... on level 5 of the Dungeon.
             The game lasted 01:09:52 (8455 turns).

unlimited1921 the Covered (Hill Orc Fighter)        Turns: 8455, Time: 01:09:53

Health: -1/74      AC: 14    Str: 17 (19) XL:     9   Next: 7%
Magic:  9/9        EV: 11    Int:  8      God:    Ashenzari [......]
Gold:   1254       SH:  0    Dex: 13      Spells: 8/8 levels left

rFire    . . .     SeeInvis .   s - +2 lajatang (venom)
rCold    . . .     Faith    .   (shield currently unavailable)
rNeg     . . .     Spirit   .   k - +4 ring mail "Dor Roul" {Slay+3 Stlth+}
rPois    .         Reflect  .   t - +0 helmet
rElec    .         Harm     .   n - +0 cloak
rCorr    .         Rampage  .   i - +0 pair of gloves
Will     .....                  (no boots)
Stlth    ++........             q - amulet of magic regeneration
HPRegen  0.22/turn              (no ring)
MPRegen  0.36/turn              (no ring)

@: mighty, very slow
A: no striking features
a: Renounce Religion, Curse Item


You were on level 5 of the Dungeon.
You worshipped Ashenzari.
Ashenzari was noncommittal.
You visited 2 branches of the dungeon, and saw 6 of its levels.

You collected 1254 gold pieces.

Inventory:

Hand Weapons
 a - a +0 war axe
 e - a +0 hand crossbow
 m - a +3 quarterstaff of chaos
 p - a +0 rapier
 s - a +2 lajatang of venom (weapon)
 x - a +2 short sword of electrocution
 y - a +2 mace of protection
 C - the +7 whip of the Turnip {vorpal, Stlth+}
   (You found it on level 4 of the Dungeon)

   It inflicts extra damage upon your enemies.
   Stlth:     It makes you more stealthy.
Missiles
 f - 20 bolts
 g - 124 stones (quivered)
 v - 2 poisoned darts
 B - 24 arrows
Armour
 b - a +0 scale mail
 c - a +0 kite shield
 i - a +0 pair of gloves (worn)
 k - the +4 ring mail "Dor Roul" (worn) {Slay+3 Stlth+}
   (You found it on level 4 of the Dungeon)

   Slay:      It affects your accuracy & damage with ranged weapons and melee
   (+3).
   Stlth:     It makes you more stealthy.
 n - a +0 cloak (worn)
 t - a +0 helmet (worn)
Jewellery
 q - an amulet of magic regeneration (around neck)
Wands
 A - a wand of digging (4)
Scrolls
 j - 2 scrolls of amnesia
 r - a scroll of acquirement
 u - 2 scrolls of noise
 w - a scroll of vulnerability
 D - a scroll of blinking
 E - 2 scrolls of identify
 J - a scroll of enchant armour
 K - a scroll of silence
Potions
 h - a potion of degeneration
 l - a potion of resistance
 o - a potion of attraction
 F - 2 potions of flight
 H - a potion of lignification


   Skills:
 + Level 5.6 Fighting
 + Level 3.0 Axes
 * Level 5.7 Staves
 - Level 3.6 Crossbows
 + Level 0.9 Throwing
 * Level 5.9 Armour
 * Level 2.8 Dodging
 + Level 0.5 Stealth
 * Level 5.5 Shields


You had 8 spell levels left.
You didn't know any spells.
Your spell library contained the following spells:

 Spells                   Type           Power      Damage    Failure   Level
 Gell's Gravitas          Tloc           0%         N/A       92%         3
 Teleport Other           Tloc           0%         N/A       92%         3
 Dispersal                Tloc           0%         N/A       100%        6


Dungeon Overview and Level Annotations

Branches:
Dungeon (5/15)             Temple (1/1) D:4

Altars:
Ashenzari
Cheibriados
Dithmenos
Hepliaklqana
Makhleb
Nemelex Xobeh
Okawaru
Qazlal
Ru
Uskayaw
Xom
Yredelemnul
Zin
The Shining One


Message History

You closely miss the yak.
The yak is moderately wounded.
Your hound zombie bites the yak.
The yak misses you.
You slash the yak!
The yak is poisoned.
The yak is heavily wounded.
Your hound zombie bites the yak but does no damage.
The yak gores you!
Your hound zombie bites the yak.
You are too injured to fight recklessly!
You feel better.
Your hound zombie bites the yak but does no damage.
The yak closely misses you.
You feel very mighty all of a sudden.
You kill the yak!
The yak gores you but does no damage.
The yak closely misses your hound zombie.
You feel your strength returning.
You have reached level 9!
Your experience leads to an increase in your attributes!
Your base attributes are Str 19, Int 8, Dex 12.
Increase (S)trength, (I)ntelligence, or (D)exterity?
You feel agile.
You are too injured to fight recklessly!
Your hound zombie completely misses the yak.
Your hound zombie bites the yak.
The yak barely misses your hound zombie.
Your hound zombie bites the yak but does no damage.
The yak gores your hound zombie!
Your hound zombie is destroyed!
The yak gores you but does no damage. The yak gores you! The yak gores you.
The yak gores you but does no damage. The yak gores you!
* * * LOW HITPOINT WARNING * * *
The yak gores you!
* * * LOW HITPOINT WARNING * * *
The yak closely misses you. The yak gores you but does no damage.
There is a stone staircase leading up here.
The yak gores you!
You die...

####.......# #...≈.≈.
#.......#**###******###.≈.....
#.......##....,,,,,,....≈≈...≈
####........#******###....._..
###......# #....≈≈...≈
#.####.########.#..≈..†..
#####.####.#.............≈†≈.
#.......<#.#............≈≈.≈≈
#.....####..@YY..............
#####.....######.Y...............
............§.§...........###...#
.≈≈≈≈.._..≈§§≈§§≈≈≈≈......# #...#
............§§............# #####
##########...§...##########
#.......# #.......# #.......#


You could see 3 yaks.

Vanquished Creatures
  A wraith (D:5)
  2 yaks (D:5)
  A water moccasin (D:5)
  A black bear (D:3)
  2 sky beasts (D:5)
  2 ogres
  A necrophage (D:5)
  A scorpion (D:5)
  A bullfrog (D:4)
  A water moccasin zombie (D:5)
  A water moccasin skeleton (D:5)
  A howler monkey (D:5)
  A centaur zombie (D:4)
  A hound (D:4)
  Crazy Yiuf (D:2)
  An orc priest (D:5)
  2 iguanas (D:5)
  An orc wizard (D:5)
  A hound zombie (D:5)
  A hound skeleton (D:4)
  8 gnolls
  4 adders
  2 ufetubi (D:4)
  3 worms (D:2)
  4 dart slugs
  17 orcs
  3 bats
  4 endoplasms
  A giant cockroach (D:2)
  6 goblins
  6 hobgoblins
  2 quokkas
  3 ball pythons
  2 frilled lizards (D:1)
  6 kobolds
  4 rats
  A bush (D:5)
100 creatures vanquished.

Vanquished Creatures (others)
  2 fungi (D:2)
2 creatures vanquished.

Grand Total: 102 creatures vanquished

Notes
Turn   | Place    | Note
-------+----------+-------------------------------------------
     0 | D:1      | unlimited1921 the Hill Orc Fighter began the quest for the
                  | Orb.
     0 | D:1      | Reached XP level 1. HP: 19/19 MP: 1/1
   291 | D:1      | Reached XP level 2. HP: 22/27 MP: 2/2
   651 | D:1      | Reached XP level 3. HP: 33/33 MP: 3/3
   740 | D:1      | Found a faded altar of an unknown god.
   874 | D:2      | Reached skill level 1 in Crossbows
  1000 | D:2      | Reached XP level 4. HP: 22/40 MP: 4/4
  2163 | D:2      | Found a runed translucent door.
  2164 | D:2      | Noticed Crazy Yiuf
  2178 | D:2      | Killed Crazy Yiuf
  3600 | D:2      | Reached XP level 5. HP: 24/46 MP: 5/5
  4234 | D:3      | Identified 3 scrolls of acquirement
  4236 | D:3      | Acquired 1016 gold pieces
  4240 | D:3      | Acquired a +1 lajatang of venom
  4583 | D:3      | Found a glowing golden altar of the Shining One.
  5189 | D:4      | Found a staircase to the Ecumenical Temple.
  5189 | D:4      | Noticed a black bear
  5191 | D:4      | Noticed an ogre
  5383 | D:3      | HP: 2/47 [ogre (24)]
  5807 | D:3      | Killed an ogre
  5808 | D:3      | Reached XP level 6. HP: 53/53 MP: 6/6
  6167 | D:3      | Killed a black bear
  6168 | D:3      | Reached skill level 1 in Staves
  6388 | D:4      | Identified the +4 ring mail "Dor Roul" {Slay+3 Stlth+}
  6455 | Temple   | Entered the Ecumenical Temple
  6511 | Temple   | Became a worshipper of Cheibriados the Contemplative
  6514 | Temple   | Fell from the grace of Cheibriados
  6514 | Temple   | Became a worshipper of Ashenzari the Shackled
  6570 | D:4      | Reached XP level 7. HP: 58/60 MP: 7/7
  6636 | D:4      | Reached skill level 1 in Dodging
  6666 | D:4      | Identified the +7 whip of the Turnip {vorpal, Stlth+}
  6801 | D:4      | Reached skill level 5 in Fighting
  7208 | D:5      | Entered Level 5 of the Dungeon
  7210 | D:5      | Found a sparkling altar of Nemelex Xobeh.
  7214 | D:5      | Noticed a wraith
  7516 | D:5      | Killed a wraith
  7517 | D:5      | Reached skill level 5 in Armour
  7528 | D:5      | Reached XP level 8. HP: 67/68 MP: 8/8
  7549 | D:5      | Reached skill level 5 in Shields
  8024 | D:5      | Found an iron altar of Okawaru.
  8378 | D:5      | Reached skill level 5 in Staves
  8413 | D:5      | Noticed a yak
  8413 | D:5      | Noticed a yak
  8414 | D:5      | Noticed a yak
  8414 | D:5      | Noticed a yak
  8414 | D:5      | Noticed a yak
  8434 | D:5      | Killed a yak
  8440 | D:5      | Killed a yak
  8441 | D:5      | Reached XP level 9. HP: 36/74 MP: 9/9
  8455 | D:5      | Slain by a yak

Illustrated notes

Levels and vault maps discovered:
D:1:      evilmike_arrival_rings, layout_loops_ring,
          shapermc_ecumenical_altar_mp_vishouse
D:2:      layout_basic, uniq_crazy_yiuf_cottage
D:3:      layout_basic, tso_metal_star, kennysheep_generic_room_3
D:4:      layout_cave_pools, minmay_temple_entry_waves
D:5:      layout_basic, mainiacjoe_overflow_boulevard,
          mainiacjoe_overflow_small_starburst, serial_park_tiny_1
Temple:   minmay_temple_bridge_abc

Skill      XL: |  1  2  3  4  5  6  7  8 |
---------------+-------------------------+-----
Fighting       | 4 5 |  5.6
Axes           | 3 |  3.0
Crossbows      | 1 2 3 |  3.6
Shields        | 4 5 |  5.5
Armour         | 4 5 |  5.9
Staves         | 1 2 5 |  5.7
Dodging        | 2 |  2.8
Throwing       | |  0.9
Stealth        | |  0.5

Action                   |  1- 3 |  4- 6 |  7- 9 || total
-------------------------+-------+-------+-------++-------
Melee: Lajatang          |       |    16 |   134 ||   150
       Short sword       |       |     2 |       ||     2
 Fire: Hand crossbow     |    54 |   120 |       ||   174
Throw: Dart              |       |     2 |       ||     2
       Throwing net      |       |     1 |       ||     1
       Stone             |       |       |    41 ||    41
  Use: Scroll            |       |     9 |     3 ||    12
       Potion            |       |     1 |     4 ||     5
Armor: Scale mail        |    11 |    40 |       ||    51
       Ring mail         |       |    26 |    71 ||    97
Dodge: Dodged            |    15 |    33 |    78 ||   126
Block: Kite shield       |    27 |    49 |       ||    76

Table legend: (Time is in decaauts)
 A = Elapsed time spent in this place.
 B = Non-inter-level travel time spent in this place.
 C = Inter-level travel time spent in this place.
 D = Time resting spent in this place.
 E = Time spent auto-exploring this place.
 F = Levels seen in this place.
 G = Mean time per level.
                   A        B        C        D        E       F      G
               +--------+--------+--------+--------+--------+-----+--------+
         Total |   8844 |   4924 |   3920 |   3815 |      0 |   6 | 1474.0 |
       Dungeon |   8759 |   4921 |   3838 |   3815 |      0 |   5 | 1751.8 |
        Temple |     85 |      4 |     81 |      0 |      0 |   1 |   85.0 |
               +--------+--------+--------+--------+--------+-----+--------+

Top non-repeatable levels by time:
     D:2: 3783 daAuts
     D:3: 1803 daAuts
     D:4: 1581 daAuts
     D:1: 819 daAuts
     D:5: 771 daAuts
  Temple: 85 daAuts
